AoeStats
← Lagarto

Arena

510398432Analyzed
1v1 RM · 2d ago on Sep 30, 2026· 51m 50s· 2 players
Game mode
Random Map
Map size
Tiny (2 player)
Population
200
Speed
Normal
Resources
Standard
Victory
Conquest
Starting age
Dark Age
Ending age
Imperial Age
RankedLock teamsTeams togetherTeam positionsShared explorationLock speedFull tech treeHidden civsTurbo modeCheats
Victory
Defeat
🇧🇷 Portuguese · Brazil
582
+14
🇪🇸 Huns · Spain
530
-14
Lagarto
13:49 Feudal Age
15:09 Double-Bit Axe
16:01 Wheelbarrow
15:12 Town Watch
15:29 Man-at-Arms
19:48 Horse Collar
25:27 Castle Age
26:57 Hand Cart
26:45 Heavy Plow
27:02 Bow Saw
26:49 Gold Mining
26:55 Stone Mining
32:10 Imperial Age
30:57 Gold Shaft Mining
31:47 Husbandry
32:20 Bloodlines
32:46 Cavalier
38:42 Paladin
42:46 Conscription
43:33 Long Swordsman
44:16 Squires
44:51 Two-Handed Swordsman
47:53 Forging
47:44 Scale Mail Armor
Backpack
10:34 Feudal Age
16:41 Castle Age
14:43 Double-Bit Axe
14:42 Horse Collar
15:06 Loom
25:13 Wheelbarrow
26:21 Bow Saw
27:50 Fortified Wall
31:32 Pikeman
34:57 Imperial Age
33:02 Padded Archer Armor
34:48 Forging
34:39 Scale Mail Armor
34:45 Scale Barding Armor
35:51 Hand Cart
39:11 Chemistry
37:37 Halberdier
40:40 Iron Casting
40:21 Chain Mail Armor
41:41 Arson
46:56 Blast Furnace
46:27 Plate Mail Armor
45:54 Crossbowman
46:40 Thumb Ring
47:05 Arbalester
Connection lost

Rejoining the realm…

Still unreachable

The connection could not be restored.

Session expired

The server has moved on; the page needs a fresh start.